 Dungeon Crawl Stone Soup version 0.17-a0-1-g1f4be75 (webtiles) character file.

60473 vatarom the Thaumaturge (level 14, -30/117 (121) HPs)
             Began as a Grey Draconian Conjurer on Mar 4, 2015.
             Was a High Priest of Vehumet.
             Annihilated by an ettin
             ... wielding a +0 dire flail
              (31 damage)
             ... on level 3 of the Orcish Mines.
             The game lasted 01:20:22 (25831 turns).

vatarom the Thaumaturge (Grey Draconian Conjurer)  Turns: 25831, Time: 01:20:22

HP:   -30/117 (121) AC: 20    Str:  8    XL:     14   Next: 57%
MP:   21/34         EV: 14    Int: 19    God:    Vehumet [*****.]
Gold: 1028          SH:  3    Dex: 12    Spells: 10 memorised, 2 levels left

rFire  . . .     SeeInvis .     w - +8 rapier "Liywig" {elec, rPois rN+}
rCold  . . .     Clarity  .     (armour unavailable)
rNeg   + . .     SustAb   +     B - +0 buckler
rPois  +         Gourm    .     (helmet restricted)
rElec  +         Spirit   .     v - +1 cloak
rCorr  .         Warding  .     e - +2 pair of gloves
rMut   .         Stasis   .     r - +1 pair of boots
MR     +....                    (no amulet)
Stlth  ++........               J - ring of invisibility
                                i - ring of sustain abilities

@: somewhat resistant to hostile enchantments, unstealthy
A: walk through water, unfitting armour, dopey 1, electricity resistance, weak
1, unbreathing, cold-blooded, AC +13
a: Renounce Religion, Evoke Invisibility


You were on level 3 of the Orcish Mines.
You worshipped Vehumet.
Vehumet was extremely pleased with you.
You were hungry.

You visited 4 branches of the dungeon, and saw 23 of its levels.

You collected 2108 gold pieces.
You spent 984 gold pieces at shops.

Inventory:

Hand weapons
 d - a +2 vampiric falchion
 g - the +8 rapier "Shriategok" {drain, MR++}
   (You found it on level 5 of the Dungeon)

   A truly terrible weapon, it drains the life of those it strikes.
   It affects your resistance to hostile enchantments.
 w - the +8 rapier "Liywig" (weapon) {elec, rPois rN+}
   (You found it on level 1 of the Lair of Beasts)

   Occasionally, upon striking a foe, it will discharge some electrical energy
   and cause terrible harm.
   It protects you from poison.
   It protects you from negative energy.
Armour
 e - a +2 pair of gloves (worn)
 r - a +1 pair of boots (worn)
 v - a +1 cloak (worn)
 B - a +0 buckler (worn)
Jewellery
 i - a ring of sustain abilities (left hand)
 t - a cursed ring of ice
 x - a cursed ring of protection from fire {unknown}
 H - an uncursed amulet of warding
 J - a ring of invisibility (right hand)
Magical devices
 a - a wand of paralysis (4)
 c - a wand of lightning (5)
 l - a wand of paralysis (9)
 o - a wand of paralysis (19)
 z - a wand of heal wounds (3)
 C - a wand of paralysis (9)
 F - a wand of cold (2)
Scrolls
 b - 2 scrolls of recharging
 k - 11 scrolls of remove curse
 m - 2 scrolls of amnesia
 p - 2 scrolls of fog
 s - 9 scrolls of identify
 u - 2 scrolls of enchant armour
Potions
 j - 4 potions of brilliance
 I - a potion of cancellation
Books
 A - a book of Geomancy

   Spells                             Type                      Level
   a - Sandblast                      Earth                        1
   b - Stoneskin                      Transmutation/Earth          2
   c - Passwall                       Transmutation/Earth          3
   d - Stone Arrow                    Conjuration/Earth            3
   e - Petrify                        Transmutation/Earth          4
   f - Lee's Rapid Deconstruction     Earth                        5
Miscellaneous
 y - an ornate deck of wonders {drawn: 3}
 D - a phial of floods
 E - a plain deck of defence {drawn: 5}
Comestibles
 f - 4 royal jellies
 h - 27 fruits
 n - 2 beef jerkies
 q - 2 slices of pizza


   Skills:
 - Level 10.0 Fighting
 - Level 5.4 Short Blades
 - Level 6.7 Dodging
 - Level 1.7 Stealth
 - Level 13.2 Spellcasting
 - Level 13.0 Conjurations
 - Level 13.2 Earth Magic
 + Level 4.9 Evocations


You had 2 spell levels left.
You knew the following spells:

 Your Spells              Type           Power        Failure   Level  Hunger
a - Stone Arrow           Conj/Erth      ######       1%          3    None
b - Petrify               Trmt/Erth      #####...     10%         4    None
c - Dazzling Spray        Conj/Hex       #####...     1%          3    None
d - Iskenderun's Mystic   Conj           ######..     1%          4    None
e - Fulminant Prism       Conj/Hex       #####.....   2%          4    None
f - Iskenderun's Battles  Conj/Chrm      #####...     5%          5    ####...
g - Mephitic Cloud        Conj/Pois/Air  ####....     1%          3    None
h - Magic Dart            Conj           ####         1%          1    None
i - Lee's Rapid Deconstr  Erth           ######....   1%          5    ####...
j - Bolt of Magma         Conj/Fire/Erth #####.....   2%          5    ####...


Dungeon Overview and Level Annotations

Branches:
Dungeon (11/15)            Temple (1/1) D:6            Lair (8/8) D:8
 Shoals (0/5) Lair:4       Spider (0/5) Lair:6        Slime (0/6) Lair:6
    Orc (3/4) D:10            Elf (0/3) Orc:3

Altars:
Ashenzari
Cheibriados
Dithmenos
Elyvilon
Fedhas
Gozag
Kikubaaqudgha
Makhleb
Nemelex Xobeh
Okawaru
Qazlal
Ru
Sif Muna
Trog
Vehumet
Xom
Yredelemnul
Zin
The Shining One
Beogh
Jiyva

Shops:
Orc:2 }


Innate Abilities, Weirdness & Mutations

You can walk through water.
Your dull iron-grey scales are very hard (AC +13).
Your body does not fit into most forms of armour.
You can survive without breathing.
Your cold-blooded metabolism reacts poorly to cold.
You are dopey. (Int -2)
You are resistant to electric shocks.
You are weak. (Str -2)


Message History

All of the chunks of flesh in your inventory have rotted away.
You are feeling hungry.
The deep elf fighter unwields an uncursed scimitar.
The deep elf fighter wields a shortbow.
The deep elf fighter shoots an arrow.
You block the arrow.
The deep elf fighter gestures at you while chanting.
The magic dart hits you!
You see here an arrow.
The deep elf fighter casts a spell at you.
You easily resist.
The deep elf fighter points at you and mumbles some strange words.
The magic dart hits you! The ettin completely misses you.
The ettin hits you with a dire flail!!
* * * LOW HITPOINT WARNING * * *
There is a stone staircase leading up, spattered with blood here.
Unknown command.
The ettin hits you with a dire flail!!
* * * LOW HITPOINT WARNING * * *
The ettin hits you with a dire flail!!
You die...

#...................#####..#
#..#...(...............# ##...#
..#.................#.####.....
.........e.e............#.......
..........e....................
...........e...................
...........).e.......>..........
............e.(C.........##.#...<
#..#............@>.....######....
....................[..#.## ##...
....................[.....# ###.
..........................#####..
......)..>.................#.###.
....)..........................##
....)...............#......#....#
..........................#.##.##
..#..........................#.##


You could see an ettin, 5 deep elf fighters and a deep elf mage.

Vanquished Creatures
  Harold (Lair:7)
  5 hydras
  3 catoblepae (Lair:8)
  12 death yaks
  Nergalle (Lair:7)
  Pikel (D:5)
  3 hill giants
  2 orc knights
  An orc sorcerer (Orc:2)
  2 griffons
  6 elephants (Lair:7)
  Joseph (D:11)
  A torpor snail (Lair:7)
  4 black mambas
  13 spiny frogs
  5 komodo dragons
  A wandering mushroom (Lair:6)
  A queen bee (Lair:5)
  5 trolls
  2 polar bears
  A boulder beetle (Lair:3)
  20 blink frogs
  A snapping turtle (Lair:4)
  6 basilisks
  3 wraiths
  Eustachio (D:7)
  9 hippogriffs
  A deep elf fighter (D:8)
  51 yaks
  A hungry ghost (D:10)
  A steam dragon (Lair:5)
  19 wolves
  23 water moccasins
  11 orc warriors
  4 wargs
  19 porcupines
  2 sky beasts (D:9)
  2 necrophages (D:7)
  A boring beetle (Lair:4)
  5 centaurs
  5 iguanas
  18 ogres
  3 phantoms
  A wasp (D:8)
  Sigmund (D:3)
  Duvessa (Orc:1)
  13 crocodiles
  5 big kobolds
  21 giant frogs
  3 gnoll sergeants (D:8)
  A brain worm (D:9)
  4 scorpions
  28 killer bees
  A wight (D:7)
  Dowan (Orc:1)
  3 crimson imps
  A goliath beetle (D:8)
  2 centaur skeletons
  14 orc priests
  9 hounds
  A jelly (D:7)
  3 human zombies (D:7)
  2 giant frog skeletons
  9 orc wizards
  4 hell rats (Lair:7)
  7 worker ants
  19 sheep
  A hound zombie (D:7)
  3 mummies (D:7)
  A hound skeleton (D:8)
  8 gnolls
  69 river rats
  A worker ant zombie (D:8)
  2 shadow imps
  29 adders
  A giant mite (D:2)
  5 worms
  An ufetubus (D:7)
  An adder zombie (D:7)
  2 adder skeletons
  4 giant geckos
  4 oozes
  109 orcs
  2 ball pythons
  A bat skeleton (D:8)
  A bat zombie (D:8)
  13 goblins
  12 hobgoblins
  16 jackals
  17 quokkas
  11 bats
  9 giant cockroaches
  4 giant newts (D:3)
  2 giant spores
  A jackal skeleton (D:4)
  A jackal zombie (D:8)
  20 kobolds
  An orc zombie (D:7)
  14 rats
  4 ballistomycetes
  A fungus (Lair:5)
802 creatures vanquished.

Vanquished Creatures (others)
  2 slaves (D:5)
  A worker ant (D:5)
  20 fulminant prisms
  A giant spore (D:6)
  34 fungi
  16 plants
74 creatures vanquished.

Grand Total: 876 creatures vanquished

Notes
Turn   | Place    | Note
--------------------------------------------------------------
     0 | D:1      | vatarom, the Draconian Conjurer, began the quest for the Orb.
     0 | D:1      | Reached XP level 1. HP: 14/14 MP: 3/3
   204 | D:1      | Reached XP level 2. HP: 20/20 MP: 0/5
   286 | D:1      | Learned a level 2 spell: Searing Ray
  1062 | D:2      | Reached XP level 3. HP: 20/26 MP: 6/8
  1077 | D:2      | Learned a level 3 spell: Dazzling Spray
  1526 | D:2      | Reached XP level 4. HP: 21/33 MP: 4/11
  1667 | D:2      | Learned a level 4 spell: Iskenderun's Mystic Blast
  2364 | D:3      | Reached XP level 5. HP: 28/38 MP: 14/14
  2366 | D:3      | Noticed Sigmund
  2377 | D:3      | Killed Sigmund
  2377 | D:3      | Reached skill level 5 in Spellcasting
  2735 | D:3      | Reached XP level 6. HP: 37/45 MP: 4/18
  3178 | D:4      | Found an iron altar of Okawaru.
  3297 | D:4      | Found a shadowy altar of Dithmenos.
  3351 | D:4      | Reached skill level 5 in Conjurations
  3367 | D:4      | Learned a level 4 spell: Fulminant Prism
  3613 | D:5      | Entered Level 5 of the Dungeon
  3613 | D:5      | Noticed Pikel
  3622 | D:5      | Killed Pikel
  3622 | D:5      | Reached skill level 7 in Conjurations
  3622 | D:5      | Your scales start taking on a dull iron-grey colour.
  3622 | D:5      | Gained mutation: You can survive without breathing. [draconian maturity]
  3622 | D:5      | Reached XP level 7. HP: 18/50 MP: 3/19
  3772 | D:5      | Reached skill level 8 in Conjurations
  3775 | D:5      | Reached XP level 8. HP: 38/57 MP: 17/21
  3782 | D:5      | Got a crystal rapier
  3783 | D:5      | Identified the +8 rapier "Shriategok" {drain, MR++} (You found it on level 5 of the Dungeon)
  4085 | D:5      | Found a glowing golden altar of the Shining One.
  4090 | D:5      | Found a sacrificial altar of Ru.
  4478 | D:6      | Found a staircase to the Ecumenical Temple.
  4487 | Temple   | Entered the Ecumenical Temple
  4504 | Temple   | Became a worshipper of Vehumet
  4650 | D:6      | Reached skill level 9 in Conjurations
  4886 | D:6      | Found an opulent altar of Gozag.
  5371 | D:7      | Noticed Eustachio
  5402 | D:7      | Killed Eustachio
  5402 | D:7      | Reached skill level 10 in Conjurations
  5614 | D:7      | Reached XP level 9. HP: 62/62 MP: 10/22
  5620 | D:7      | Acquired Vehumet's first power
  5620 | D:7      | Offered knowledge of Sting by Vehumet.
  5677 | D:7      | Found a shimmering altar of Xom.
  5677 | D:7      | Found a shimmering altar of Xom.
  5677 | D:7      | Found a shimmering altar of Xom.
  5681 | D:7      | Found a shimmering altar of Xom.
  5688 | D:7      | Found a shimmering altar of Xom.
  5690 | D:7      | Found a shimmering altar of Xom.
  5690 | D:7      | Found a shimmering altar of Xom.
  5690 | D:7      | Found a shimmering altar of Xom.
  5744 | D:7      | Reached skill level 11 in Conjurations
  5764 | D:7      | Learned a level 5 spell: Iskenderun's Battlesphere
  6109 | D:7      | Found a basalt altar of Yredelemnul.
  6336 | D:7      | Noticed a fire drake
  6340 | D:7      | a fire drake changed into a hog
  6542 | D:8      | Offered knowledge of Throw Frost by Vehumet.
  7086 | D:8      | Noticed a three-headed hydra
  7107 | D:8      | Gained mutation: You are resistant to electric shocks. [potion of mutation]
  7107 | D:8      | Gained mutation: You are weak. (Str -2) [potion of mutation]
  7107 | D:8      | Gained mutation: You are dopey. (Int -2) [potion of mutation]
  7176 | D:8      | Offered knowledge of Mephitic Cloud by Vehumet.
  7277 | D:8      | Learned a level 3 spell: Mephitic Cloud
  7278 | D:8      | Found a staircase to the Lair.
  7453 | D:8      | Found a bloodstained altar of Trog.
  7608 | D:8      | Killed a three-headed hydra
  7608 | D:8      | Reached XP level 10. HP: 13/65 MP: 6/28
  7783 | D:8      | Reached skill level 10 in Spellcasting
  7869 | D:8      | Acquired Vehumet's second power
  7869 | D:8      | Reached skill level 1 in Fighting
  8059 | D:8      | HP: 2/73 [orc warrior/great sword (23)]
  8552 | D:9      | Reached skill level 5 in Fighting
  8769 | D:9      | Offered knowledge of Conjure Flame by Vehumet.
  9518 | D:10     | Entered Level 10 of the Dungeon
  9646 | D:10     | Noticed a hill giant
  9654 | D:10     | Killed a hill giant
  9654 | D:10     | Reached XP level 11. HP: 91/93 MP: 9/29
  9786 | D:10     | Found a staircase to the Orcish Mines.
 10062 | D:10     | Found a roughly hewn altar of Beogh.
 10065 | D:10     | Acquired Vehumet's third power
 10194 | D:11     | Noticed Joseph
 10203 | D:11     | Killed Joseph
 10203 | D:11     | Reached skill level 10 in Fighting
 10269 | D:11     | Offered knowledge of Venom Bolt by Vehumet.
 10973 | Lair:1   | Entered Level 1 of the Lair of Beasts
 11071 | Lair:1   | Reached skill level 5 in Dodging
 11192 | Lair:1   | Got an ebony rapier
 11193 | Lair:1   | Identified the +8 rapier "Liywig" {elec, rPois rN+} (You found it on level 1 of the Lair of Beasts)
 11831 | Lair:1   | Reached skill level 1 in Short Blades
 12472 | Lair:2   | Noticed a six-headed hydra
 12479 | Lair:2   | Killed a six-headed hydra
 12479 | Lair:2   | Reached skill level 5 in Short Blades
 12491 | Lair:2   | Reached XP level 12. HP: 102/102 MP: 12/30
 12652 | Lair:2   | Learned a level 3 spell: Stone Arrow
 12658 | Lair:2   | Learned a level 5 spell: Lee's Rapid Deconstruction
 12696 | Lair:2   | Offered knowledge of Poison Arrow by Vehumet.
 13243 | Lair:2   | Reached skill level 5 in Earth Magic
 15351 | Lair:4   | Found a staircase to the Shoals.
 16236 | Lair:4   | Noticed a five-headed hydra
 16240 | Lair:4   | Killed a five-headed hydra
 16635 | Lair:5   | Offered knowledge of Bolt of Fire by Vehumet.
 17074 | Lair:5   | Learned a level 4 spell: Petrify
 17522 | Lair:5   | Reached XP level 13. HP: 101/109 MP: 17/32
 17606 | Lair:6   | Reached skill level 10 in Earth Magic
 17934 | Lair:6   | Found a radiant altar of Vehumet.
 18310 | Lair:6   | Found a viscous altar of Jiyva.
 18310 | Lair:6   | Found a staircase to the Slime Pits.
 18384 | Lair:6   | Found a hole to the Spider Nest.
 18766 | Lair:6   | Reached skill level 12 in Spellcasting
 19048 | Lair:8   | Entered Level 8 of the Lair of Beasts
 19348 | Lair:7   | Offered knowledge of Conjure Ball Lightning by Vehumet.
 19605 | Lair:7   | Noticed Nergalle
 19649 | Lair:7   | Killed Nergalle
 20123 | Lair:7   | Noticed Harold
 20124 | Lair:7   | Paralysed by Harold for 5 turns
 20134 | Lair:7   | Paralysed by Harold for 3 turns
 20151 | Lair:7   | Killed Harold
 21578 | Lair:8   | Reached XP level 14. HP: 104/117 MP: 9/34
 21872 | Lair:8   | Offered knowledge of Bolt of Magma by Vehumet.
 21879 | Lair:8   | Learned a level 5 spell: Bolt of Magma
 22517 | Lair:8   | Reached skill level 13 in Spellcasting
 23826 | Orc:1    | Entered Level 1 of the Orcish Mines
 23874 | Orc:1    | Noticed Duvessa
 23874 | Orc:1    | Noticed Dowan
 23889 | Orc:1    | Killed Duvessa
 23895 | Orc:1    | Killed Dowan
 24440 | Orc:2    | Found Fawo's Gadget Shop.
 24455 | Orc:2    | Offered knowledge of Bolt of Cold by Vehumet.
 24464 | Orc:2    | Bought a wand of heal wounds (3) for 504 gold pieces
 24464 | Orc:2    | Bought a phial of floods for 480 gold pieces
 24544 | Orc:2    | Reached skill level 1 in Evocations
 25313 | Orc:3    | Found a staircase to the Elven Halls.
 25831 | Orc:3    | HP: 1/117 [ettin/dire flail (35)]
 25831 | Orc:3    | Annihilated by an ettin

Action                   |  1- 3 |  4- 6 |  7- 9 | 10-12 | 13-15 || total
-------------------------+-------+-------+-------+-------+-------++-------
Melee: Short sword       |   100 |   107 |    30 |       |       ||   237
       Unarmed           |    11 |       |       |       |       ||    11
       Rapier            |       |       |   268 |   536 |   689 ||  1493
 Cast: Magic Dart        |    30 |    14 |    36 |   136 |    51 ||   267
       Searing Ray       |     1 |     6 |       |     2 |       ||     9
       Dazzling Spray    |     1 |    10 |    15 |    24 |    33 ||    83
       Iskenderun's Myst |       |     8 |    54 |   113 |    54 ||   229
       Mephitic Cloud    |       |       |     3 |    12 |    22 ||    37
       Fulminant Prism   |       |       |     2 |    15 |     3 ||    20
       Iskenderun's Batt |       |       |     2 |    32 |    18 ||    52
       Stone Arrow       |       |       |       |    25 |    53 ||    78
       Lee's Rapid Decon |       |       |       |    11 |    39 ||    50
       Petrify           |       |       |       |     1 |    18 ||    19
       Bolt of Magma     |       |       |       |       |    25 ||    25
Evoke: Wand              |       |       |       |     1 |     3 ||     4
       Deck              |       |       |       |     3 |     5 ||     8
  Use: Scroll            |     8 |     3 |     3 |    20 |     5 ||    39
       Potion            |     4 |     2 |     6 |     3 |     8 ||    23
 Stab: Sleeping          |     2 |     2 |     3 |     5 |     1 ||    13
       Invisible         |       |     1 |     1 |       |     8 ||    10
       Distracted        |       |       |     2 |     1 |       ||     3
       Confused          |       |       |     1 |     3 |     5 ||     9
       Petrified         |       |       |       |       |     1 ||     1
  Eat: Bread ration      |     1 |       |     1 |     2 |     2 ||     6
       Meat ration       |       |     2 |     2 |     4 |     1 ||     9
       Pizza             |       |       |     1 |     5 |     1 ||     7
       Beef jerky        |       |       |     1 |       |       ||     1
       Fruit             |       |       |     3 |       |       ||     3
       Royal jelly       |       |       |     1 |     1 |     9 ||    11
       Chunk             |       |       |       |    13 |     5 ||    18
